AoeStats
← dunpeal30

Fortress

509444135Analyzed
4v4 RM · 4d ago on Sep 26, 2026· 44m 47s· 8 players
Game mode
Random Map
Map size
Huge
Population
200
Speed
Normal
Resources
Standard
Victory
Conquest
Starting age
Dark Age
Ending age
Imperial Age
RankedLock teamsTeams togetherTeam positionsShared explorationLock speedFull tech treeHidden civsTurbo modeCheats
Victory
Defeat
🇩🇪 Bohemians · Germany
1205
+12
🇫🇷 Varangians · France
1146
+14
🇩🇪 Vietnamese · Germany
1107
+16
🇬🇧 Goths · United Kingdom
1099
+16
🇨🇱 Danes · Chile
1222
-19
1134
-16
🇨🇱 Franks · Chile
1047
-12
🇨🇱 Varangians · Chile
1027
-11
Definitive Infusion
6:22 Feudal Age
6:46 Horse Collar
6:52 Double-Bit Axe
15:17 Castle Age
18:27 Imperial Age
16:14 Bow Saw
16:08 Heavy Plow
17:17 Bow Saw
19:42 Wheelbarrow
22:27 Two-Man Saw
22:53 Scale Barding Armor
23:11 Conscription
24:08 Chain Barding Armor
25:09 Hand Cart
26:17 Crop Rotation
27:40 Caravan
31:10 Plate Barding Armor
31:15 Forging
31:59 Fortified Wall
32:52 Chemistry
32:21 Loom
32:55 Fortified Wall
37:25 Logistica
37:19 Elite Cataphract
38:36 Forging
40:43 Iron Casting
42:05 Husbandry
Lockepu
3:19 Loom
8:16 Feudal Age
8:51 Horse Collar
13:57 Castle Age
12:17 Double-Bit Axe
13:32 Forging
13:59 Scale Mail Armor
13:47 Arson
15:11 Squires
20:40 Chain Mail Armor
23:46 Iron Casting
27:41 Heavy Plow
27:53 Loom
31:30 Fletching
32:07 Town Watch
34:27 Wheelbarrow
38:46 Gold Mining
43:00 Imperial Age
42:14 Hand Cart
42:00 Town Patrol
malakor.
7:53 Feudal Age
7:00 Loom
9:11 Horse Collar
9:22 Double-Bit Axe
15:51 Town Watch
18:59 Castle Age
16:51 Arson
17:13 Scale Barding Armor
18:03 Gold Mining
18:32 Bloodlines
21:32 Light Cavalry
23:21 Wheelbarrow
26:39 Fletching
29:40 Town Patrol
30:06 Chain Barding Armor
35:02 Imperial Age
34:18 Caravan
34:53 Husbandry
35:05 Scale Mail Armor
36:20 Bow Saw
37:15 Fortified Wall
38:06 Chemistry
37:27 Ballistics
37:03 Murder Holes
37:01 Hussar
37:18 Pikeman
38:22 Treadmill Crane
41:18 Gambesons
42:14 Forging
42:20 Chain Mail Armor
42:08 Guard Tower
44:07 Iron Casting
42:56 Cavalier
43:57 Bodkin Arrow
Hetero Sapiens
1:58 Loom
9:29 Feudal Age
16:45 Double-Bit Axe
24:15 Castle Age
28:26 Imperial Age
28:52 Caravan
32:05 Husbandry
32:14 Scale Barding Armor
32:20 Forging
31:38 Cavalier
35:11 Paladin
35:46 Treadmill Crane
37:19 Conscription
37:41 Chain Barding Armor
37:57 Iron Casting
37:53 Chivalry
39:13 Plate Barding Armor
dunpeal30
8:03 Feudal Age
8:35 Double-Bit Axe
8:32 Horse Collar
12:29 Castle Age
13:23 Bow Saw
15:58 Heavy Plow
23:40 Loom
24:55 Fervor
25:06 Sanctity
28:22 Imperial Age
26:20 Redemption
28:26 Chemistry
27:53 Wagenburg Tactics
29:42 Conscription
30:23 Block Printing
30:45 Theocracy
30:05 Houfnice
33:47 Pikeman
34:29 Scale Mail Armor
34:39 Forging
35:16 Halberdier
37:30 Squires
40:27 Elite Hussite Wagon
Reju333
8:11 Feudal Age
8:52 Double-Bit Axe
8:49 Horse Collar
14:23 Castle Age
13:37 Gold Mining
13:39 Stone Mining
15:23 Bow Saw
16:03 Heavy Plow
19:44 Fletching
21:07 Bodkin Arrow
28:49 Wheelbarrow
31:11 Caravan
33:07 Hand Cart
35:40 Imperial Age
33:02 Loom
33:58 Bloodlines
34:44 Ballistics
35:10 Padded Archer Armor
35:20 Forging
35:11 Scale Mail Armor
35:18 Scale Barding Armor
35:18 Husbandry
36:26 Elite Rattan Archer
37:24 Bracer
38:19 Paper Money
39:03 Two-Man Saw
38:42 Crop Rotation
39:19 Siege Engineers
41:05 Chemistry
42:05 Leather Archer Armor
42:26 Iron Casting
42:06 Chain Mail Armor
43:24 Elite Battle Elephant
GAF_TinTin
1:20 Loom
8:34 Feudal Age
10:15 Double-Bit Axe
15:32 Castle Age
13:33 Horse Collar
14:26 Scale Mail Armor
14:37 Forging
13:55 Man-at-Arms
20:00 Long Swordsman
20:53 Gold Mining
24:11 Bow Saw
24:42 Heavy Plow
26:43 Wheelbarrow
28:08 Hand Cart
30:59 Imperial Age
28:59 Squires
29:58 Chain Mail Armor
30:19 Iron Casting
30:09 Stone Mining
31:31 Two-Handed Swordsman
32:52 Conscription
33:43 Two-Man Saw
33:20 Crop Rotation
33:09 Caravan
34:11 Champion
35:12 Perfusion
36:52 Blast Furnace
36:38 Coinage
36:21 Anarchy
38:09 Pikeman
39:31 Halberdier
43:32 Chemistry
43:44 Banking
43:23 Scale Barding Armor
ElectroPower84
7:51 Feudal Age
11:32 Castle Age
9:27 Double-Bit Axe
9:28 Horse Collar
9:45 Double-Bit Axe
12:28 Bow Saw
14:49 Wheelbarrow
20:33 Hand Cart
21:09 Forging
21:18 Heavy Plow
22:25 Iron Casting
22:49 Scale Barding Armor
24:41 Gold Mining
25:39 Town Watch
26:10 Stone Mining
27:07 Chain Barding Armor
29:55 Imperial Age
27:46 Loom
28:17 Scale Mail Armor
28:08 Fletching
31:03 Bloodlines
31:35 Plate Barding Armor
31:33 Conscription
32:50 Blast Furnace
31:58 Husbandry
32:44 Stone Shaft Mining
31:50 Vendel Legacy
31:51 Elite Jarl
32:34 Bodkin Arrow
32:55 Chain Mail Armor
32:41 Padded Archer Armor
35:36 Two-Man Saw
35:07 Crop Rotation
35:01 Ballistics
34:52 Masonry
35:44 Chemistry
35:11 Cavalier
36:20 Caravan
36:31 Guilds
36:52 Coinage
38:12 Bracer
38:56 Banking
39:47 Plate Mail Armor
39:33 Leather Archer Armor
38:45 Gothikon
38:46 Vendel Legacy
39:30 Squires
39:16 Gambesons
39:18 Arson
Connection lost

Rejoining the realm…

Still unreachable

The connection could not be restored.

Session expired

The server has moved on; the page needs a fresh start.